 Seeded DCSS version 0.29.1-13-g9f3cf754e1 (webtiles) character file.

Game seed: 8611483013522864996 (custom seed)

1425 hbarley the Cleaver (level 8, 0/70 HPs)
             Began as a Hill Orc Fighter on Feb 3, 2023.
             Was a Follower of Uskayaw.
             Slain by a killer bee (2 damage)
             ... on level 6 of the Dungeon.
             The game lasted 00:09:51 (5869 turns).

hbarley the Cleaver (Hill Orc Fighter)              Turns: 5869, Time: 00:09:51

Health: 0/70       AC: 22    Str: 21    XL:     8   Next: 72%
Magic:  8/8        EV:  7    Int: 12    God:    Uskayaw [*.....]
Gold:   257        SH:  0    Dex: 15    Spells: 7/7 levels left

rFire   . . .      SeeInvis .   F - +2 executioner's axe (flame)
rCold   . . .      Faith    .   (shield currently unavailable)
rNeg    . . .      Spirit   .   L - +0 plate armour
rPois   .          Reflect  .   (no helmet)
rElec   .          Harm     .   z - +2 cloak of the Wilderness {rCorr Str+2 Int+4}
rCorr   +          Rampage  .   m - +0 pair of gloves
Will    +....                   J - +0 pair of boots
Stlth   ..........              (no amulet)
HPRegen 0.21/turn               p - +4 ring of protection
MPRegen 0.11/turn               k - ring "Egaomy" {Will+ Dex+3}

@: lethally poisoned (0 -> -13)
A: no striking features
a: Renounce Religion, Stomp


You were on level 6 of the Dungeon.
You worshipped Uskayaw.
Uskayaw was noncommittal.
You visited 1 branch of the dungeon, and saw 6 of its levels.
You also visited: Ossuary.

You collected 257 gold pieces.

Inventory:

Hand Weapons
 a - a +0 war axe
 F - a +2 executioner's axe of flaming (weapon)
Missiles
 q - 2 throwing nets (quivered)
Armour
 b - a +0 scale mail
 c - a +0 buckler
 l - a +0 cloak of preservation
 m - a +0 pair of gloves (worn)
 y - a +0 ring mail
 z - the +2 cloak of the Wilderness (worn) {rCorr Str+2 Int+4}
   (You found it on level 4 of the Dungeon)

   Str:       It affects your strength (+2).
   Int:       It affects your intelligence (+4).
   rCorr:     It protects you from acid and corrosion.
 J - a +0 pair of boots (worn)
 L - a +0 plate armour (worn)
Jewellery
 k - the ring "Egaomy" (right hand) {Will+ Dex+3}
   (You acquired it in an ossuary)

   [ring of willpower]

   Dex:       It affects your dexterity (+3).
   Will:      It increases your willpower.
 p - a +4 ring of protection (left hand)
 v - a ring of wizardry
 w - a +4 ring of protection
Scrolls
 e - 2 scrolls of summoning
 f - 2 scrolls of identify
 h - a scroll of fear
 i - 7 scrolls of teleportation
 n - 2 scrolls of enchant armour {unknown}
 o - 3 scrolls of magic mapping
 t - a scroll of poison {unknown}
 x - 3 scrolls of enchant weapon
 E - a scroll of vulnerability {unknown}
 G - a scroll of blinking {unknown}
 H - 2 scrolls of silence {unknown}
 I - a scroll of brand weapon {unknown}
Potions
 d - 3 potions of might
 g - 4 potions of degeneration
 j - 8 potions of heal wounds
 r - a potion of brilliance {unknown}
 s - a potion of attraction {unknown}
 u - 2 potions of haste
 A - 4 potions of ambrosia
 B - a potion of flight {unknown}
 C - 2 potions of mutation
 D - 3 potions of cancellation
 K - 2 potions of curing {unknown}


   Skills:
 + Level 6.0 Fighting
 + Level 9.6 Axes
 + Level 6.6 Armour
 + Level 2.1 Dodging
 + Level 1.6 Stealth
 + Level 3.7 Shields


You had 7 spell levels left.
You didn't know any spells.
Your spell library contained the following spells:

 Spells                   Type           Power      Damage    Failure   Level
 Animate Dead             Necr           0%         N/A       100%        4
 Hailstorm                Conj/Ice       0%         3d3       100%        4
 Ice Form                 Ice/Tmut       0%         N/A       100%        4
 Borgnjor's Vile Clutch   Necr/Erth      0%         N/A       100%        5
 Fireball                 Conj/Fire      0%         3d3       100%        5
 Death Channel            Necr           0%         N/A       100%        6
 Simulacrum               Ice/Necr       0%         N/A       100%        6
 Starburst                Conj/Fire      0%         6d3       100%        6
 Ignition                 Fire           0%         3d3       100%        8


Dungeon Overview and Level Annotations

Branches:
Dungeon (6/15)             Temple (0/1) D:4         Ossuary (visited)

Altars:
Nemelex Xobeh
Uskayaw
Xom
Yredelemnul
Zin
The Shining One


Message History

The killer bee stings you but does no damage.
The killer bee stings you.
You miss the killer bee.
The killer bee is heavily wounded.
The killer bee stings you but does no damage. x3
You miss the killer bee.
The killer bee is heavily wounded.
The killer bee stings you but does no damage.
The killer bee stings you. The killer bee completely misses you.
You slice the killer bee!! You burn the killer bee.
You kill the killer bee!
The killer bee stings you but does no damage.
The killer bee stings you.
* * * LOW HITPOINT WARNING * * *
You barely miss the killer bee.
The killer bee is almost dead.
The killer bee stings you but does no damage. x3
You hit the killer bee. You burn the killer bee.
You kill the killer bee!
The killer bee stings you but does no damage.
Your Fighting skill increases to level 6!
You miss the killer bee.
The killer bee stings you but does no damage. x3
You miss the killer bee. The killer bee stings you.
* * * LOW HITPOINT WARNING * * *
You are poisoned.
The killer bee poisons you!
The killer bee stings you but does no damage. x2
You hit the killer bee but do no damage.
You feel very sick. The killer bee barely misses you.
The killer bee stings you!
* * * LOW HITPOINT WARNING * * *
You are lethally poisoned!
The killer bee poisons you! The killer bee closely misses you.
You miss the killer bee.
* * * LOW HITPOINT WARNING * * *
You feel very sick.
The killer bee stings you but does no damage.
The killer bee stings you.
You die...

#.# #.#
#.# #.#
#.# #.#
#.# #.#
#.# #.#
#.#
#.########
#.@yy.....
##########


You could see 2 killer bees.

Vanquished Creatures
  Edmund (D:5)
  3 black bears
  An ice beast (D:5)
  An ogre (D:4)
  A bullfrog (D:6)
  2 scorpions
  A necrophage (D:5)
  2 killer bees (D:6)
  A howler monkey (D:5)
  3 hounds
  A human zombie (Ossuary)
  An iguana (D:6)
  5 orc wizards
  A hound zombie (Ossuary)
  4 mummies (Ossuary)
  5 adders
  2 adder zombies (Ossuary)
  4 worms (D:2)
  3 dart slugs
  19 orcs
  4 bats
  2 endoplasms
  2 giant cockroaches (D:2)
  3 gnoll zombies (Ossuary)
  6 hobgoblins
  5 jackals
  5 kobolds
  6 quokkas
  4 ball pythons
  2 frilled lizards (D:1)
  7 goblins
  A hobgoblin zombie (Ossuary)
  A jackal zombie (Ossuary)
  A kobold zombie (Ossuary)
  An orc zombie (Ossuary)
  4 rats
  A rat zombie (Ossuary)
116 creatures vanquished.

Notes
Turn   | Place    | Note
-------+----------+-------------------------------------------
     0 | D:1      | hbarley the Hill Orc Fighter began the quest for the Orb.
     0 | D:1      | Reached XP level 1. HP: 19/19 MP: 1/1
   231 | D:1      | Reached XP level 2. HP: 24/27 MP: 2/2
   373 | D:1      | Reached skill level 3 in Axes
   450 | D:1      | Found a faded altar of an unknown god.
   868 | D:2      | Reached XP level 3. HP: 28/33 MP: 3/3
  1245 | D:2      | Reached XP level 4. HP: 40/40 MP: 4/4
  1254 | D:2      | Reached skill level 4 in Axes
  2013 | D:3      | Found a basalt altar of Yredelemnul.
  2400 | D:3      | Found a sparkling altar of Nemelex Xobeh.
  2400 | D:3      | Found a hide-covered altar of Uskayaw.
  2408 | D:3      | Found a faded altar of an unknown god.
  2411 | D:3      | Became a worshipper of Uskayaw the Reveller
  2414 | D:3      | Found a faded altar of an unknown god.
  2418 | D:3      | Found a shimmering altar of Xom.
  2500 | D:4      | Found a glowing golden altar of the Shining One.
  2513 | D:4      | Identified the +2 cloak of the Wilderness {rCorr Str+2
                  | Int+4}
  2521 | D:4      | Reached * piety under Uskayaw
  2544 | D:4      | Found a glowing silver altar of Zin.
  2552 | D:4      | Found a staircase to the Ecumenical Temple.
  2688 | D:4      | Noticed a scorpion
  2692 | D:4      | Reached ** piety under Uskayaw
  2700 | D:4      | Killed a scorpion
  2701 | D:4      | Reached skill level 1 in Dodging
  2701 | D:4      | Reached XP level 5. HP: 41/47 MP: 5/5
  2854 | D:4      | Reached *** piety under Uskayaw
  2973 | D:4      | Found a sand-covered staircase.
  2982 | Ossuary  | Entered an ossuary
  2993 | Ossuary  | Reached skill level 5 in Axes
  2993 | Ossuary  | Reached **** piety under Uskayaw
  2998 | Ossuary  | Reached XP level 6. HP: 46/53 MP: 6/6
  3340 | Ossuary  | Reached skill level 1 in Stealth
  3477 | Ossuary  | Identified 2 scrolls of acquirement
  3481 | Ossuary  | Acquired a +2 executioner's axe of flaming
  3489 | Ossuary  | Acquired the ring "Egaomy" {Will+ Dex+3}
  3689 | D:4      | Reached skill level 6 in Axes
  4119 | D:5      | Entered Level 5 of the Dungeon
  4134 | D:5      | Noticed an ice beast
  4146 | D:5      | Killed an ice beast
  4147 | D:5      | Reached skill level 5 in Fighting
  4147 | D:5      | Reached XP level 7. HP: 52/61 MP: 7/7
  4206 | D:5      | Reached skill level 5 in Armour
  4336 | D:5      | Noticed Edmund
  4343 | D:5      | Reached skill level 7 in Axes
  4344 | D:5      | Killed Edmund
  4734 | D:5      | Reached XP level 8. HP: 62/69 MP: 8/8
  4991 | D:5      | Reached skill level 8 in Axes
  5791 | D:6      | Reached skill level 9 in Axes
  5869 | D:6      | HP: 2/70 [poisoned by a killer bee]
  5869 | D:6      | Slain by a killer bee

Illustrated notes

Levels and vault maps discovered:
D:1:      dpeg_arrival_fog, layout_basic, chequers_ecumenical_altar_simple
D:2:      layout_loops_cross, grunt_decor_clamped, grunt_decor_junction,
          kennysheep_generic_room_13
D:3:      layout_loops_ring, mainiacjoe_overflow_paths,
          chequers_temple_overflow_minitemple
D:4:      layout_basic, lemuel_round_altar, lemuel_tele_altar,
          minmay_temple_entry_wispy, nicolae_ossuary_entry_ruins
D:5:      layout_basic, dk_vineyard_2, uniq_edmund
D:6:      layout_basic, st_stairs_9, minmay_tree_intersection

Skill      XL: |  1  2  3  4  5  6  7  8 |
---------------+-------------------------+-----
Axes           | 3 4 5 6 7 9 |  9.6
Fighting       | 4 5 6 |  6.0
Armour         | 4 5 6 |  6.6
Dodging        | 1 2 |  2.1
Stealth        | 1 |  1.6
Shields        | |  3.7

Action                   |  1- 3 |  4- 6 |  7- 9 || total
-------------------------+-------+-------+-------++-------
Melee: War axe           |    74 |   122 |       ||   196
       Executioner's axe |       |    24 |   105 ||   129
  Use: Scroll            |       |    14 |       ||    14
 Stab: Paralysed         |       |     7 |     1 ||     8
Armor: Scale mail        |    36 |    88 |   101 ||   225
       Plate armour      |       |       |    42 ||    42
Dodge: Dodged            |    30 |    73 |    63 ||   166
Block: Buckler           |    15 |    29 |       ||    44
